 Dungeon Crawl Stone Soup version 0.20-a0-454-g2b43fbb (webtiles) character file.

72 towersofbeng the Slasher (level 4, -4/33 HPs)
             Began as a Demonspawn Gladiator on Jan 9, 2017.
             Slain by a sky beast (6 damage)
             ... on level 3 of the Dungeon.
             The game lasted 00:05:11 (2248 turns).

towersofbeng the Slasher (Demonspawn Gladiator)     Turns: 2248, Time: 00:05:12

Health: -4/33      AC:  8    Str: 15    XL:     4   Next: 7%
Magic:  13/13      EV: 12    Int:  9    God:
Gold:   114        SH:  0    Dex: 15    Spells: 3/3 levels left

rFire  + . .     SeeInvis .     a - +0 long sword
rCold  . . .     Gourm    .     D - +2 ring mail {rF+}
rNeg   . . .     Faith    .     (no shield)
rPois  .         Spirit   .     c - +0 helmet
rElec  .         Reflect  .     (no cloak)
rCorr  .         Harm     .     (no gloves)
MR     .....                    (no boots)
Stlth  ++........               (no amulet)
                                w - ring of magical power
                                j - ring of stealth

@: no status effects
A: claws 1, hooves 1
a: no special abilities


You were on level 3 of the Dungeon.
You were not hungry.

You visited 1 branch of the dungeon, and saw 3 of its levels.

You collected 114 gold pieces.

Inventory:

Hand Weapons
 a - a +0 long sword (weapon)
Missiles
 d - 3 throwing nets
 e - a javelin (quivered)
 o - 2 tomahawks
 v - 9 poisoned needles
Armour
 c - a +0 helmet (worn)
 D - a +2 ring mail of fire resistance (worn)
Jewellery
 j - a ring of stealth (left claw)
 w - a ring of magical power (right claw)
 y - an uncursed ring of resist corrosion {unknown}
Scrolls
 g - a scroll of remove curse {unknown}
 q - a scroll of amnesia {unknown}
 u - 2 scrolls of identify {unknown}
 z - 2 scrolls of teleportation {unknown}
 A - a scroll of blinking {unknown}
 B - a scroll of immolation {unknown}
Potions
 h - 2 potions of curing {unknown}
 k - a potion of lignification {unknown}
 l - a potion of invisibility {unknown}
 m - a potion of flight {unknown}
 n - 2 potions of agility {unknown}
 t - a potion of brilliance {unknown}
 x - a potion of magic {unknown}
Comestibles
 f - a bread ration
 i - a slice of pizza
 p - a chunk of flesh
 r - a meat ration
 s - a beef jerky


   Skills:
 + Level 2.2 Fighting
 + Level 3.9 Long Blades
 + Level 2.2 Throwing
 + Level 0.5 Armour
 + Level 2.9 Dodging


You had 3 spell levels left.
You didn't know any spells.

Dungeon Overview and Level Annotations

Branches:
Dungeon (3/15)

Altars:
Qazlal


Innate Abilities, Weirdness & Mutations

You have sharp fingernails.
You have large cloven feet.


Message History

The sky beast is severely wounded.
The sky beast flickers out of sight!
Deactivating autopickup; reactivate with Ctrl-A.
Something hits you but does no damage.
A sky beast appears from thin air!
Reactivating autopickup.
Your ring mail prevents you from hitting the sky beast.
You kick the sky beast, but do no damage.
The sky beast is severely wounded.
The sky beast hits you.
* * * LOW HITPOINT WARNING * * *
The sky beast shocks you.
* * * LOW HITPOINT WARNING * * *
You hit the sky beast.
You kick the sky beast, but do no damage.
The sky beast is severely wounded.
The sky beast hits you.
* * * LOW HITPOINT WARNING * * *
The sky beast shocks you.
You die...

#.########
#.#.#
#........#
#.#.#
########.#
#.#.# #>#
#.#.# ####
#.# #.#.#
...# #.#
#...# ...#
###.# ##..#
...# #...#
#.>#
...####.###
##@#
........#
#Y#
#'#######
#.# #.#
####.# ..#
#..[.# ..#
#.#### ..#
#.# ..# #(#
.## #.#


You could see a sky beast.

Vanquished Creatures
  2 adders (D:3)
  A leopard gecko (D:1)
  6 orcs (D:3)
  8 bats
  2 giant cockroaches
  4 goblins
  6 hobgoblins
  4 jackals (D:2)
  4 kobolds
  7 rats
44 creatures vanquished.

Notes
Turn   | Place    | Note
-------+----------+-------------------------------------------
     0 | D:1      | towersofbeng the Demonspawn Gladiator began the quest for the Orb.
     0 | D:1      | Reached XP level 1. HP: 16/16 MP: 1/1
   114 | D:1      | Reached skill level 3 in Long Blades
   259 | D:1      | Gained mutation: You have large cloven feet. [demonic ancestry]
   259 | D:1      | Reached XP level 2. HP: 22/22 MP: 2/2
   828 | D:2      | Found a stormy altar of Qazlal.
   937 | D:2      | Reached XP level 3. HP: 19/27 MP: 3/3
  1851 | D:3      | Gained mutation: You have sharp fingernails. [demonic ancestry]
  1851 | D:3      | Reached XP level 4. HP: 12/33 MP: 4/4
  2227 | D:3      | Noticed a sky beast
  2248 | D:3      | Slain by a sky beast

Vault maps used:
D:1:      erik_arrival_triangle_huge
D:2:      lemuel_round_altar

Skill      XL: |  1  2 |
---------------+-------+-----
Long Blades    | 3 |  3.9
Throwing       | 2 |  2.2
Fighting       | |  2.2
Armour         | |  0.5
Dodging        | |  2.9

Action                   |  1- 3 |  4- 6 || total
-------------------------+-------+-------++-------
Melee: Long sword        |    93 |    16 ||   109
       Kick              |    24 |     8 ||    32
Throw: Javelin           |    41 |     4 ||    45
 Stab: Sleeping          |       |     1 ||     1
  Eat: Chunk             |     3 |     1 ||     4
Armor: Leather armour    |    44 |     1 ||    45
       Ring mail         |       |     7 ||     7
Dodge: Dodged            |    78 |     4 ||    82
       Rpst.: Long sword |    24 |     1 ||    25
